 Dungeon Crawl Stone Soup version 0.28-a0-390-gb254ac4902 (webtiles) character file.

Game seed: 15941697836188133335

94 Demosthentine the Poker (level 4, 0/35 HPs)
             Began as a Merfolk Gladiator on Sept 3, 2021.
             Slain by Purgy (2 damage)
             ... in a sewer.
             The game lasted 00:01:49 (1982 turns).

Demosthentine the Poker (Merfolk Gladiator)         Turns: 1982, Time: 00:01:51

Health: 0/35       AC:  4    Str: 14 (15) XL:     4   Next: 63%
Magic:  4/4        EV: 13    Int:  6 (7)  God:
Gold:   57         SH:  0    Dex: 13 (15) Spells: 3/3 levels left

rFire   . . .      SeeInvis .   a - +0 trident
rCold   . . .      Faith    .   (no shield)
rNeg    . . .      Spirit   .   b - +0 leather armour
rPois   .          Reflect  .   c - +0 helmet
rElec   .          Harm     .   (no cloak)
rCorr   .          Rampage  .   (no gloves)
Will    .....                   (no boots)
Stlth   +.........              (no amulet)
HPRegen 0.11/turn               (no ring)
MPRegen 0.09/turn               (no ring)

@: no status effects
A: (nimble swimmer 2), mertail
a: no special abilities


You were in a sewer.
You visited 1 branch of the dungeon, and saw 3 of its levels.
You also visited: Sewer.

You collected 57 gold pieces.

Inventory:

Hand Weapons
 a - a +0 trident (weapon)
Armour
 b - a +0 leather armour (worn)
 c - a +0 helmet (worn)
Potions
 f - 2 potions of degeneration
 i - a potion of haste {unknown}
 j - a potion of brilliance {unknown}


   Skills:
 + Level 3.1 Fighting
 + Level 5.4 Polearms
 - Level 2.0 Throwing
 + Level 1.2 Armour
 + Level 4.9 Dodging


You had 3 spell levels left.
You didn't know any spells.
Your spell library was empty.

Dungeon Overview and Level Annotations

Branches:
Dungeon (3/15)              Sewer (1/1)

Altars:
Uskayaw

Shops:
D:2 :[

Annotations:
Sewer Purgy


Innate Abilities, Weirdness & Mutations

((You are quick and stealthy near water. (Stealth+, EV+, Speed+++)))
Your lower body shifts to a powerful aquatic tail in water.


Message History

You hit Purgy.
Purgy is lightly wounded.
Purgy completely misses you. Purgy claws you.
Purgy claws you but does no damage.
You closely miss Purgy.
Purgy is lightly wounded.
Purgy bites you. Purgy claws you but does no damage. Purgy barely misses you.
Throw: 2 throwing nets
Press: ? - help, Q - select action Shift-Dir - straight line, f - Purgy
Aim: Purgy (lightly wounded, 51% to hit)
You throw a throwing net. The throwing net closely misses Purgy.
Purgy barely misses you. Purgy completely misses you. Purgy misses you.
Unknown command.
Throw: throwing net
Press: ? - help, Q - select action Shift-Dir - straight line, f/p - Purgy
Aim: Purgy (lightly wounded, 51% to hit)
You throw a throwing net. The throwing net barely misses Purgy.
Purgy bites you. Purgy claws you. Purgy barely misses you.
Unknown command.
Purgy bites you but does no damage. Purgy claws you but does no damage.
Purgy closely misses you.
You puncture Purgy!
Purgy is moderately wounded.
Purgy misses you. Purgy closely misses you. Purgy claws you.
You barely miss Purgy.
Purgy is lightly wounded.
Purgy bites you. Purgy barely misses you. Purgy misses you.
You barely miss Purgy.
Purgy is lightly wounded.
Purgy barely misses you. Purgy claws you.
* * * LOW HITPOINT WARNING * * *
Purgy claws you but does no damage.
You puncture Purgy!
Purgy is moderately wounded.
Purgy bites you.
* * * LOW HITPOINT WARNING * * *
Purgy claws you.
* * * LOW HITPOINT WARNING * * *
Purgy claws you.
You die...

######### #.##.##(#
#.##.##.#
#+##+##)##)##T##+#
............@....#
≈≈≈≈≈≈≈.≈≈≈≈≈≈≈≈≈#≈≈≈
≈≈≈≈≈≈≈∩≈≈≈≈≈≈≈≈≈#≈≈≈
≈≈≈≈≈≈≈.≈≈≈≈≈≈≈≈≈#≈≈≈
.................####
#+##+##.##+##+##+#
#.# #∩# ###


You could see Purgy.

Vanquished Creatures
  An iguana (D:3)
  A hound skeleton (D:2)
  2 river rats (D:3)
  A worm (D:2)
  3 endoplasms
  A goblin (D:1)
  4 hobgoblins (D:2)
  A quokka (D:1)
  5 ball pythons
  3 bats
  A frilled lizard (D:2)
  10 kobolds
  4 rats (D:1)
37 creatures vanquished.

Vanquished Creatures (others)
  7 fungi (D:2)
7 creatures vanquished.

Grand Total: 44 creatures vanquished

Notes
Turn   | Place    | Note
-------+----------+-------------------------------------------
     0 | D:1      | Demosthentine the Merfolk Gladiator began the quest for the
                  | Orb.
     0 | D:1      | Reached XP level 1. HP: 16/16 MP: 1/1
   370 | D:1      | Reached XP level 2. HP: 23/23 MP: 2/2
  1143 | D:2      | Reached XP level 3. HP: 23/28 MP: 3/3
  1261 | D:2      | Found Ygeix's Armour Boutique.
  1322 | D:2      | Reached skill level 5 in Polearms
  1328 | D:2      | Found a faded altar of an unknown god.
  1527 | D:2      | Found Xovuescha's Book Shoppe.
  1605 | D:3      | Found a hide-covered altar of Uskayaw.
  1609 | D:3      | Reached skill level 1 in Armour
  1659 | D:3      | Reached XP level 4. HP: 16/35 MP: 4/4
  1673 | D:3      | Found a glowing drain.
  1737 | Sewer    | Entered a sewer
  1969 | Sewer    | Noticed Purgy
  1982 | Sewer    | Slain by Purgy

Illustrated notes

Levels and vault maps discovered:
D:1:      scummos_arrival_star, layout_loops_corners,
          minmay_misc_feat_four_crosses, minivault_5, minmay_misc_feat_columns
D:2:      layout_basic, shapermc_ecumenical_altar_mp_urbaneastern, serial_shops,
          nicolae_lakefront_shop, shop
D:3:      wad_river_or_something, layout_basic, tgw_fedhas,
          eat_drink_and_be_merry_uskayaw, cheibrodos_sewer_entry_sluice
Sewer:    kennysheep_door_sewer

Skill      XL: |  1  2  3 |
---------------+----------+-----
Polearms       | 5 |  5.4
Armour         | 1 |  1.2
Fighting       | 3 |  3.1
Throwing       | |  2.0
Dodging        | |  4.9

Action                   |  1- 3 |  4- 6 || total
-------------------------+-------+-------++-------
Melee: Trident           |   108 |    57 ||   165
       Tailslap          |       |     2 ||     2
Throw: Throwing net      |     2 |     2 ||     4
  Use: Scroll            |     2 |       ||     2
       Potion            |       |     3 ||     3
 Stab: Sleeping          |     2 |     1 ||     3
       Held in net/web   |     1 |       ||     1
Armor: Leather armour    |    19 |    22 ||    41
Dodge: Dodged            |    48 |    60 ||   108

Table legend: (Time is in decaauts)
 A = Elapsed time spent in this place.
 B = Non-inter-level travel time spent in this place.
 C = Inter-level travel time spent in this place.
 D = Time resting spent in this place.
 E = Time spent auto-exploring this place.
 F = Levels seen in this place.
 G = Mean time per level.
                   A        B        C        D        E       F      G
               +--------+--------+--------+--------+--------+-----+--------+
         Total |   1988 |   1939 |     49 |      0 |   1599 |   4 |  497.0 |
       Dungeon |   1743 |   1694 |     49 |      0 |   1378 |   3 |  581.0 |
         Sewer |    245 |    245 |      0 |      0 |    221 |   1 |  245.0 |
               +--------+--------+--------+--------+--------+-----+--------+

Top non-repeatable levels by time:
     D:1: 822 daAuts
     D:2: 788 daAuts
   Sewer: 245 daAuts
     D:3: 131 daAuts
